 Dungeon Crawl Stone Soup version 0.17.0-28-g6e173f8 (console) character file.

1302 Kloppie the Chopper (level 8, -3/63 HPs)
             Began as a Centaur Fighter on Nov 25, 2015.
             Was a Follower of Elyvilon.
             Killed by divine providence
             ... invoked by an orc priest
              (14 damage)
             ... on level 6 of the Dungeon.
             The game lasted 00:08:17 (6261 turns).

Kloppie the Chopper (Centaur Fighter)               Turns: 6261, Time: 00:08:18

Health: -3/63      AC: 11    Str: 20    XL:     8   Next: 31%
Magic:  8/8        EV:  5    Int:  7    God:    Elyvilon [*.....]
Gold:   275        SH:  8    Dex: 10    Spells: 0 memorised, 7 levels left

rFire  + + .     SeeInvis .     a - +1 war axe
rCold  . . .     Clarity  .     b - +0 scale mail
rNeg   . . .     SustAt   .     c - +0 shield
rPois  .         Gourm    .     j - +0 helmet
rElec  .         Spirit   .     o - +1 cloak
rCorr  .         Warding  .     (no gloves)
rMut   .         Stasis   .     (no barding)
MR     .....                    (no amulet)
Stlth  ..........               s - ring of protection from fire
                                i - ring of protection from fire

@: very quick, not resistant to hostile enchantments, extremely unstealthy
A: hooves 3, deformed body, speed 2, tough skin 3
a: Lesser Healing, Divine Protection, Renounce Religion


You were on level 6 of the Dungeon.
You worshipped Elyvilon.
Elyvilon was aware of your devotion.
You were not hungry.

You visited 1 branch of the dungeon, and saw 6 of its levels.

You collected 275 gold pieces.

Inventory:

Hand Weapons
 a - a +1 war axe (weapon)
Armour
 b - a +0 scale mail (worn)
 c - a +0 shield (worn)
 j - a +0 helmet (worn)
 o - a +1 cloak (worn)
Jewellery
 i - a ring of protection from fire (left hand)
 s - a ring of protection from fire (right hand)
Scrolls
 g - 2 scrolls of remove curse
 l - 2 scrolls of amnesia
 q - a scroll of enchant armour
Potions
 d - 3 potions of might
 k - a potion of flight
 m - a potion of curing
 n - 2 potions of agility
 p - 3 potions of cancellation {unknown}
 r - a potion of mutation
 v - a potion of heal wounds {unknown}
Books
 u - a book of Geomancy

   Spells                             Type                      Level
   a - Sandblast                      Earth                        1
   b - Stoneskin                      Transmutation/Earth          2
   c - Passwall                       Transmutation/Earth          3
   d - Stone Arrow                    Conjuration/Earth            3
   e - Petrify                        Transmutation/Earth          4
   f - Lee's Rapid Deconstruction     Earth                        5
Comestibles
 e - 4 bread rations
 f - a meat ration
 h - 2 chunks of flesh


   Skills:
 - Level 3.0 Fighting
 - Level 7.0 Axes
 + Level 5.7 Armour
 - Level 2.1 Shields


You had 7 spell levels left.
You didn't know any spells.

Dungeon Overview and Level Annotations

Branches:
Dungeon (6/15)
 Temple: D:4-7

Altars:
Elyvilon
Gozag
Nemelex Xobeh
Qazlal
Sif Muna
Xom
The Shining One


Innate Abilities, Weirdness & Mutations

You have hooves in place of feet.
Armour fits poorly on your strangely shaped body.
You cover ground very quickly.
You have extremely tough skin (AC +3).


Message History

* * * LOW HITPOINT WARNING * * *
You slash the orc priest!
You kick the orc priest, but do no damage.
The orc priest is almost dead.
The orc priest hits you but does no damage. x2
You closely miss the orc priest.
The orc priest is almost dead.
You block the orc priest's attack.
You barely miss the orc priest. Your kick misses the orc priest.
The orc priest is almost dead.
The orc priest hits you but does no damage.
You completely miss the orc priest. Your kick misses the orc priest.
The orc priest is almost dead.
The orc priest completely misses you.
Your shield and scale mail prevent you from hitting the orc priest.
Your kick misses the orc priest.
The orc priest is almost dead.
The orc priest calls down the wrath of Beogh upon you.
Something smites you!
You die...

#.# .. .# # ##### ..# ##
# #...###.#### ##.
##.##...#......## ##..
##...............# #...
#.....).....[##..#####..
#....o@................
##..#)..........###.#.#
# #...........# #..[#
####........###.###
#............#
####.#####.### ###.###
#.# #.....# ...
#.....#.#.##


You could see an orc priest.

Vanquished Creatures
  2 ice beasts (D:5)
  A sky beast (D:5)
  An ogre (D:4)
  3 scorpions (D:5)
  3 crimson imps (D:5)
  3 orc priests
  A hound (D:3)
  Crazy Yiuf (D:5)
  A centaur skeleton (D:5)
  2 iguanas (D:5)
  3 orc wizards
  4 worker ants
  2 hound skeletons (D:5)
  A worker ant zombie (D:4)
  7 adders
  2 gnolls
  A shadow imp (D:5)
  An ooze (D:4)
  An adder skeleton (D:5)
  4 worms
  3 giant geckos
  11 orcs
  2 ball pythons
  3 bats
  2 giant cockroaches
  5 hobgoblins
  18 jackals
  4 kobolds
  2 quokkas
  A giant gecko skeleton (D:5)
  A giant gecko zombie (D:5)
  5 giant newts
  6 goblins
  A quokka zombie (D:5)
  6 rats
114 creatures vanquished.

Notes
Turn   | Place    | Note
--------------------------------------------------------------
     0 | D:1      | Kloppie the Centaur Fighter began the quest for the Orb.
     0 | D:1      | Reached XP level 1. HP: 19/19 MP: 1/1
   150 | D:1      | Reached XP level 2. HP: 21/26 MP: 2/2
   606 | D:2      | Reached XP level 3. HP: 17/31 MP: 3/3
  1573 | D:2      | Found a sparkling altar of Nemelex Xobeh.
  1712 | D:3      | Reached XP level 4. HP: 26/38 MP: 4/4
  1741 | D:3      | Reached skill level 4 in Axes
  2168 | D:3      | Found a deep blue altar of Sif Muna.
  2168 | D:3      | Found a stormy altar of Qazlal.
  2170 | D:3      | Found a glowing golden altar of the Shining One.
  2447 | D:4      | Noticed an ogre
  2470 | D:5      | Entered Level 5 of the Dungeon
  2554 | D:5      | Reached XP level 5. HP: 8/45 MP: 5/5
  2879 | D:5      | Reached skill level 5 in Axes
  3066 | D:5      | Noticed a sky beast
  3127 | D:4      | Found a white marble altar of Elyvilon.
  3136 | D:4      | Became a worshipper of Elyvilon the Healer
  3151 | D:4      | Killed an ogre
  3151 | D:4      | Reached skill level 6 in Axes
  3151 | D:4      | Reached XP level 6. HP: 14/51 MP: 6/6
  3940 | D:4      | Reached skill level 7 in Axes
  3943 | D:4      | Reached XP level 7. HP: 57/57 MP: 7/7
  4531 | D:5      | Noticed an ice beast
  4549 | D:5      | Killed an ice beast
  5035 | D:5      | Found an opulent altar of Gozag.
  5035 | D:5      | Found a shimmering altar of Xom.
  5398 | D:5      | Noticed Crazy Yiuf
  5405 | D:5      | Killed Crazy Yiuf
  5580 | D:5      | Reached XP level 8. HP: 56/63 MP: 8/8
  5626 | D:5      | Killed a sky beast
  5626 | D:5      | Reached skill level 5 in Armour
  6227 | D:6      | Reached * piety under Elyvilon
  6261 | D:6      | Killed from afar by an orc priest

Action                   |  1- 3 |  4- 6 |  7- 9 || total
-------------------------+-------+-------+-------++-------
Melee: War axe           |   116 |   201 |   189 ||   506
  Use: Scroll            |       |     7 |     2 ||     9
       Potion            |       |     3 |       ||     3
  Eat: Chunk             |     2 |     5 |     7 ||    14
       Beef jerky        |       |     1 |       ||     1
